Map: Coda LE (Void)

Players

WhiteRa

  • Race: Protoss Protoss

Wintersc2 (Winter) - Winner!

  • Race: Zerg Zerg

VOD

Have the link to the VOD?

Description

Time

  • Played on: April 7, 2015, 1:31 p.m.
  • Length: 8:03
Show
View Real Time Build Order
Export as new Build Order

WhiteRa Protoss 

Build Orders: 1 Gate Expand, Oracle Opening, Disruptor Drop 

Get SALT Encoding   

  12  0:01  Probe  
  13  0:13  Pylon  
  13  0:18  Probe  
  14  0:34  Probe (Chrono Boost)  
  15  0:39  Gateway  
  16  0:43  Probe (Chrono Boost)  
  16  0:51  Probe  
  17  1:03  Probe  
  18  1:15  Probe  
  19  1:23  Nexus  
  19  1:27  Probe  
  20  1:34  Pylon  
  20  1:39  Probe  
  21  1:44  Assimilator  
  21  1:46  Assimilator  
  21  1:51  Probe  
  22  2:03  Cybernetics Core, Probe (Chrono Boost)  
  23  2:12  Zealot  
  23  2:13  Probe (Chrono Boost)  
  26  2:20  Probe  
  27  2:33  Probe (Chrono Boost)  
  27  2:35  Probe (Chrono Boost)  
  29  2:41  Warp Gate  
  29  2:43  Mothership Core (Chrono Boost)  
  32  2:45  Probe (Chrono Boost)  
  32  2:46  Stalker  
  34  2:53  Probe (Chrono Boost)  
  35  3:02  Probe (Chrono Boost)  
  37  3:10  Probe (Chrono Boost)  
  37  3:12  Probe (Chrono Boost)  
  38  3:13  Assimilator  
  38  3:16  Probe (Chrono Boost)  
  38  3:19  Probe  
  40  3:21  Stargate  
  40  3:28  Probe  
  40  3:31  Probe (Chrono Boost)  
  40  3:32  Forge  
  40  3:33  Gateway  
  42  3:40  Assimilator  
  42  3:41  Probe (Chrono Boost)  
  43  3:43  Probe (Chrono Boost)  
  43  3:46  Pylon  
  44  4:04  Probe x2  
  44  4:06  Oracle (Chrono Boost)  
  44  4:07  Zealot  
  44  4:09  Photon Cannon  
  51  4:13  Pylon  
  51  4:17  Probe x2  
  51  4:29  Probe x2  
  49  4:41  Probe x2  
  49  4:50  Photon Cannon  
  43  4:53  Probe x2  
  43  5:00  Robotics Facility  
  43  5:05  Probe (Chrono Boost), Void Ray (Chrono Boost)  
  49  5:07  Probe (Chrono Boost)  
  49  5:08  Pylon  
  49  5:15  Sentry  
  49  5:17  Probe (Chrono Boost)  
  52  5:27  Probe x2 (Chrono Boost), Pylon  
  54  5:33  Stalker  
  56  5:42  Probe  
  57  5:45  Probe  
  58  5:50  Robotics Bay  
  58  5:51  Warp Prism (Chrono Boost)  
  58  5:54  Probe  
  61  5:58  Probe  
  61  6:03  Pylon  
  62  6:06  Probe  
  62  6:09  Phoenix (Chrono Boost)  
  65  6:13  Fleet Beacon  
  65  6:14  Zealot  
  67  6:20  Probe  
  68  6:37  Phoenix  
  68  6:38  Gravitic Drive  
  74  6:40  Disruptor  
  74  6:44  Nexus, Disruptor (Chrono Boost)  
  74  6:48  Pylon  
  74  6:57  Pylon  
  69  7:09  Disruptor  
  72  7:25  Pylon  
  72  7:27  Pylon  
  72  7:30  Pylon  
  72  7:48  Stalker  
Show
View Real Time Build Order
Export as new Build Order

Wintersc2 Zerg - Winner!

Build Orders: Hatch First 

Get SALT Encoding   

  12  0:00  Drone  
  13  0:14  Overlord  
  13  0:18  Drone  
  14  0:32  Drone x2  
  16  0:37  Drone  
  17  0:54  Hatchery  
  17  0:57  Drone  
  17  1:01  Drone  
  18  1:15  Spawning Pool  
  18  1:17  Drone  
  18  1:20  Drone  
  19  1:33  Extractor  
  19  1:35  Drone  
  19  1:42  Drone  
  20  1:54  Overlord  
  20  2:01  Queen  
  20  2:05  Queen  
  20  2:07  Zergling x2  
  25  2:13  Drone x2  
  27  2:20  Drone  
  28  2:29  Overlord  
  28  2:33  Drone  
  28  2:34  Drone  
  30  2:38  Drone  
  30  2:39  Metabolic Boost  
  30  2:41  Queen  
  33  2:44  Overlord  
  33  2:50  Drone  
  34  2:57  Drone  
  35  3:01  Drone  
  35  3:08  Drone  
  35  3:11  Drone x2  
  38  3:15  Drone x3  
  41  3:20  Drone  
  41  3:26  Zergling x2  
  43  3:27  Hatchery  
  42  3:35  Lair, Zergling x4  
  44  3:45  Zergling x10  
  49  3:50  Drone  
  49  3:51  Drone x2  
  52  3:59  Overlord  
  52  4:02  Roach Warren  
  51  4:03  Evolution Chamber  
  50  4:11  Drone  
  50  4:12  Drone  
  51  4:17  Overlord  
  51  4:20  Extractor  
  51  4:23  Overlord  
  50  4:24  Overlord, Extractor  
  50  4:25  Drone x5  
  54  4:42  Drone  
  54  4:43  Drone  
  54  4:45  Spore Crawler, Glial Reconstitution  
  53  4:46  Zerg Missile Weapons Level 1  
  53  4:47  Drone x3  
  53  4:50  Spore Crawler  
  53  4:51  Drone  
  53  4:53  Drone x4  
  53  4:56  Drone x2  
  58  5:01  Queen  
  60  5:07  Spore Crawler  
  60  5:09  Overlord  
  60  5:14  Overlord, Drone  
  59  5:15  Drone x2  
  59  5:21  Drone x3, Extractor  
  65  5:25  Drone x3  
  67  5:36  Roach x5  
  67  5:39  Drone x2  
  67  5:40  Drone  
  79  5:44  Roach  
  81  5:50  Overlord x2  
  81  5:58  Roach x3  
  81  5:59  Roach x2  
  81  6:00  Ravager x3  
  81  6:03  Roach  
  96  6:05  Roach  
  98  6:14  Roach x4  
  106  6:19  Overlord x2  
  106  6:20  Overlord  
  106  6:24  Overlord  
  106  6:35  Overlord  
  106  6:41  Zergling x4  
  106  6:42  Hydralisk Den, Zergling x8  
  109  6:48  Ravager x3  
  109  6:50  Roach  
  109  6:52  Hatchery  
  113  6:57  Drone x3  
  113  6:58  Drone x2  
  113  7:01  Extractor  
  116  7:06  Overlord, Roach x2  
  116  7:07  Overlord  
  120  7:10  Overlord  
  119  7:20  Zergling x2  
  119  7:21  Zergling x6  
  119  7:22  Zergling x4  
  118  7:23  Zergling x2  
  118  7:24  Zergling x2  
  118  7:25  Zergling x4  
  115  7:37  Zergling x2  
  115  7:38  Zergling x2  
  115  7:40  Zergling x2  
  115  7:41  Zergling x2  
  115  7:42  Zergling x4  
Tags
 
Add a new tag
Caveats
  • Supply blocks, unpowered buildings, or Contaminate may cause inaccurate times.
  • Supply counts are checked every 10 seconds.